cohdb
Replays
Latest Replays
All Replays
Popular Replays
Top Player Replays
Match Explorer
How It Works
Community
CoH3 Stats
Reddit
Sign in to upload your games and track your stats! →
Sign in with Steam
Match 42404592
Unlisted
Match 42404592
Overview
Messages
Build Orders
End
Construct Infanterie Kompanie
MG 42 Machine Gun Team
Grenadier Squad
GrW 34 Mortar Team
MG 42 Machine Gun Team
Construct Luftwaffe Kompanie
Medical Station
Jäger Squad
Jäger Squad
Support Elements
Wirbelwind Flakpanzer
Construct Panzergrenadier Kompanie
Jäger Squad
Nebelwerfer 42 Rocket Launcher Team
Construct Panzer Kompanie
Selects Terror Battlegroup
Selects Machine Gun Camouflage
Selects Contempt for the Weak
Selects Propaganda Leaflet Drop
Propaganda Leaflet Drop
Selects V1 Rocket Strike
Panzer IV Medium Tank
Side Skirts
Pioneer Squad
V1 Rocket Strike
Stoßtruppen Squad
Panzer IV Medium Tank
Stoßtruppen Squad
MG 42 Machine Gun Team
Propaganda Leaflet Drop
Selects No Quarter
Sturmpanzer IV Brummbär
Metalharl
RommelF
^3
Africanoblanco
WilloDenzo
arik010
JayWind
Yop
0
0
Comments
sign in to comment!
No comments posted yet!